 Dungeon Crawl Stone Soup version 0.28-a0-1087-gf3fc490d9d (webtiles) character file.

Game seed: 5972932731698357616

78 spaghetti the Insei (level 4, 0/31 HPs)
             Began as an Octopode Chaos Knight on Dec 10, 2021.
             Was a Plaything of Xom.
             Slain by Natasha (6 damage)
             ... on level 3 of the Dungeon.
             The game lasted 00:03:31 (2562 turns).

spaghetti the Insei (Octopode Chaos Knight)         Turns: 2562, Time: 00:03:32

Health: 0/31       AC:  1    Str: 11    XL:     4   Next: 36%
Magic:  4/4        EV: 14    Int: 14    God:    Xom [......]
Gold:   97         SH:  0    Dex: 13    Spells: 3/3 levels left

rFire   . . .      SeeInvis .     - Unarmed
rCold   . . .      Faith    .   (no shield)
rNeg    . . .      Spirit   .   (helmet restricted)
rPois   .          Reflect  .   (no amulet)
rElec   .          Harm     .   (no ring)
rCorr   .          Rampage  .   (no ring)
Will    .....                   (no ring)
Stlth   ++........              (no ring)
HPRegen 0.10/turn               (no ring)
MPRegen 0.09/turn               (no ring)
                                (no ring)
                                (no ring)

@: no status effects
A: almost no armour, amphibious, 8 rings, camouflage 1, gelatinous body 1,
(nimble swimmer 1), tentacles
a: Renounce Religion


You were on level 3 of the Dungeon.
You worshipped Xom.
You were a very special plaything of Xom.
You visited 1 branch of the dungeon, and saw 3 of its levels.

You collected 97 gold pieces.


Innate Abilities, Weirdness & Mutations

You cannot wear most types of armour.
You are amphibious.
You can wear up to eight rings at the same time.
Your skin changes colour to match your surroundings (Stealth+).
Your rubbery body absorbs attacks. (AC +1, EV +1)
((You are camouflaged near water. (Stealth+)))
You have tentacles for arms and can constrict up to eight enemies at once.


   Skills:
 - Level 3.0 Fighting
 + Level 3.1 Dodging
 + Level 4.6 Unarmed Combat


You had 3 spell levels left.
You didn't know any spells.
Your spell library was empty.

Inventory:

Missiles
 e - 22 sling bullets
 f - 55 stones (quivered) {throwing}
 h - 5 poisoned darts {throwing}
Scrolls
 a - a scroll of blinking {unknown}
 b - 2 scrolls of vulnerability {unknown}
 c - a scroll of identify {unknown}
 g - a scroll of amnesia {unknown}
 j - a scroll of teleportation {unknown}
Potions
 d - a potion of curing {@q1}
 i - a potion of flight {unknown}

Dungeon Overview and Level Annotations

Branches:
Dungeon (3/15)

Altars:

Annotations:
D:3 Natasha, Terence

#.#...........
###..............
...#(...........
#............$#
#>...........
#..........# ..
##.........#
....###..........#
.......@.........#
......#hb...#.##.#
.......b.@###..#.#
............###...# #
...b..###.#b####..##.##
...#.###.5#.b.........#
.....o.oยง.>...##..##..#
:.#......h.....##.## .#
#..w............#..#..#


You could see a black bear, Terence, Natasha, a shadow imp (summoned) and a bat.


Message History

You are now a very special plaything of Xom.
The black bear bites your butterfly.
Your butterfly dies!
Your butterfly disappears in a puff of smoke!
You swap places.
Terence the Incautious comes into view.
He is wielding a +0 flail.
You swap places. ๐Ÿ˜• HP[+1]
You swap places.
Terence closely misses your butterfly.
You can't go up here!
Press: ? - help, v - describe, . - travel The floor.
You swap places.
The stone staircase leading up slides away as you move beside it!
The black bear bites your butterfly.
Your butterfly dies!
Your butterfly disappears in a puff of smoke!
Unknown command.
The stone staircase leading up slides away as you move beside it!
The bat hits you but does no damage.
You can't go up here!
You can't go up here!
You can't go up here!
Press: ? - help, v - describe, . - travel The floor.
Natasha, Servant of Life and Death comes into view.
The bat completely misses your butterfly.
Natasha mumbles some strange words.
Terence misses you.
The shadow imp shouts!
The bat hits you but does no damage. Terence barely misses you.
The black bear misses your butterfly. x2
The black bear completely misses your butterfly.
You swap places.
The bat misses you.
The bat completely misses your butterfly.
Natasha stares at you and mumbles some strange words.
The magic dart hits you! ๐Ÿ˜ฎ HP[-9]
You take 9 damage, and now have 16/31 hp.
MASSIVE DAMAGE!! (PAUSE)
The bat closely misses you.
An orc comes into view. It is wielding a +0 club.
The bat completely misses your butterfly.
The black bear misses your butterfly. x2
The black bear barely misses your butterfly.
There is a stone staircase leading up here.
The bat closely misses your butterfly. The bat hits your butterfly.
The black bear completely misses your butterfly.
The black bear claws your butterfly.
Your butterfly dies!
Your butterfly disappears in a puff of smoke!
Natasha barely misses your butterfly. The bat hits your butterfly.
Your butterfly dies!
Your butterfly disappears in a puff of smoke!
The black bear completely misses your butterfly.
The black bear closely misses your butterfly.
The black bear completely misses your butterfly.
The shadow imp gestures at you. Pain shoots through your body!
* * * LOW HITPOINT WARNING * * *
The bat completely misses your butterfly.
Natasha howls an incantation.
You feel disoriented. ๐Ÿ˜ฑ HP[-11]
You take 11 damage, and now have 5/31 hp.
MASSIVE DAMAGE!! (PAUSE)
You swap places.
Xom makes a sudden noise!
You hear strange voices.
The bat closely misses your butterfly.
The bat completely misses your butterfly.
There is a stone staircase leading down here. ๐Ÿ˜ฑ HP[+1] Unknown command.
The bat completely misses your butterfly.
The shadow imp barely misses your butterfly.
The black bear barely misses your butterfly.
The black bear claws your butterfly.
Your butterfly dies!
Your butterfly disappears in a puff of smoke!
The bat completely misses your butterfly.
Something completely misses your butterfly.
The black bear bites your butterfly!
Your butterfly dies!
Your butterfly disappears in a puff of smoke!
A worm comes into view.
Okay, then.
The orc misses your butterfly.
The black bear completely misses your butterfly.
The black bear misses your butterfly.
The black bear closely misses your butterfly.
Terence asks, "Do you want it fast or slow?"
Okay, then.
Your butterfly disappears in a puff of smoke!
Something barely misses your butterfly. The shadow imp hits your butterfly.
Your butterfly dies!
Your butterfly disappears in a puff of smoke!
The bat barely misses you. Natasha claws you.
You die...
Xom is highly amused!

Skill      XL: |  1  2  3  4 |
---------------+-------------+-----
Unarmed Combat | 4 |  4.6
Dodging        | 3 |  3.1
Fighting       | |  3.0

Action                   |  1- 3 |  4- 6 || total
-------------------------+-------+-------++-------
Melee: Unarmed           |    83 |    25 ||   108
       Constrict         |    17 |     6 ||    23
       Tentacles         |    13 |     5 ||    18
       Punch             |     3 |       ||     3
  Use: Potion            |     1 |       ||     1
 Stab: Sleeping          |     8 |     2 ||    10
Armor: Skin              |     8 |     4 ||    12
Dodge: Dodged            |    48 |    14 ||    62

Levels and vault maps discovered:
D:1:      dpeg_arrival_shelter, layout_loops_corners
D:2:      layout_basic, minmay_misc_feat_tower
D:3:      layout_rooms, hellmonk_ecumenical_altar_inner_sanctum,
          uniq_crazy_yiuf_cottage, uniq_terence, uniq_natasha

Notes
Turn   | Place    | Note
-------+----------+-------------------------------------------
     0 | D:1      | spaghetti the Octopode Chaos Knight began the quest for the
                  | Orb.
     0 | D:1      | Reached XP level 1. HP: 16/16 MP: 1/1
     0 | D:1      | magus.rc [v1.9.6]
   306 | D:1      | Reached XP level 2. HP: 18/21 MP: 2/2
   391 | D:1      | XOM: cloud trail
   686 | D:1      | Reached skill level 4 in Unarmed Combat
   810 | D:1      | XOM: cloud trail
   825 | D:1      | Reached XP level 3. HP: 24/26 MP: 3/3
  1546 | D:1      | XOM: noise
  1654 | D:2      | XOM: noise
  1837 | D:2      | Reached XP level 4. HP: 30/31 MP: 4/4
  1842 | D:2      | Reached skill level 3 in Dodging
  2028 | D:2      | XOM: god gift: pair of boots {god gift}
  2500 | D:3      | XOM: divination: detect items
  2528 | D:3      | Noticed a black bear
  2532 | D:3      | XOM: repel stairs
  2544 | D:3      | XOM: scenery: summon butterflies
  2545 | D:3      | Noticed Terence
  2550 | D:3      | Noticed Natasha
  2555 | D:3      | HP: 5/31 [shadow imp/nerve-wracking pain[Natasha] (11)]
  2556 | D:3      | XOM: noise
  2562 | D:3      | Slain by Natasha

Vanquished Creatures
  2 adders (D:2)
  A dart slug (D:1)
  2 ball pythons (D:2)
  6 bats (D:1)
  4 endoplasms
  3 giant cockroaches
  7 goblins
  4 hobgoblins
  5 jackals
  5 kobolds (D:2)
  3 quokkas
  2 frilled lizards
  5 rats
49 creatures vanquished.

Table legend:
 A = Non-vault XP
 B = Vault XP
 C = Vault XP percentage of total XP
 D = Non-vault monster count
 E = Vault monster count
 F = Vault count percentage of total count
                 A         B        C        D         E       F
            +---------+---------+-------+---------+---------+-------
      Total |     112 |       0 |   0.0 |      49 |       0 |   0.0
            +---------+---------+-------+---------+---------+-------
        D:1 |      46 |       0 |   0.0 |      24 |       0 |   0.0
        D:2 |      63 |       0 |   0.0 |      22 |       0 |   0.0
        D:3 |       3 |       0 |   0.0 |       3 |       0 |   0.0
            +---------+---------+-------+---------+---------+-------

Illustrated notes

Table legend:
 A = Kills in this place as a percentage of kills in entire the game.
 B = Kills by you in this place as a percentage of kills by you in the entire game.
 C = Kills by friends in this place as a percentage of kills by friends in the entire game.
 D = Other kills in this place as a percentage of other kills in the entire game.
 E = Experience gained in this place as a percentage of experience gained in the entire game.
 F = Experience gained in this place divided by the number of levels of this place that you have seen.
                   A       B       C       D       E      F
               +-------+-------+-------+-------+-------+----------------------
         Total | 100.0 | 100.0 |   N/A |   N/A | 100.0 |  37.3
       Dungeon | 100.0 | 100.0 |   N/A |   N/A | 100.0 |  37.3
               +-------+-------+-------+-------+-------+----------------------

Table legend: (Time is in decaauts)
 A = Elapsed time spent in this place.
 B = Non-inter-level travel time spent in this place.
 C = Inter-level travel time spent in this place.
 D = Time resting spent in this place.
 E = Time spent auto-exploring this place.
 F = Levels seen in this place.
 G = Mean time per level.
                   A        B        C        D        E       F      G
               +--------+--------+--------+--------+--------+-----+--------+
         Total |   2554 |   2396 |    158 |    788 |   1284 |   3 |  851.3 |
       Dungeon |   2554 |   2396 |    158 |    788 |   1284 |   3 |  851.3 |
               +--------+--------+--------+--------+--------+-----+--------+

Top non-repeatable levels by time:
     D:2: 1234 daAuts
     D:1: 1224 daAuts
     D:3: 95 daAuts
